AoeStats
← Bubbas 4 everyone

Arabia

505091475Analyzed
1v1 RM · 25d ago on Sep 7, 2026· 29m 9s· 2 players
Game mode
Random Map
Map size
Tiny (2 player)
Population
200
Speed
Normal
Resources
Standard
Victory
Conquest
Starting age
Dark Age
Ending age
Imperial Age
RankedLock teamsTeams togetherTeam positionsShared explorationLock speedFull tech treeHidden civsTurbo modeCheats
Victory
Defeat
🇺🇸 Japanese · United States
926
+17
🇧🇷 Franks · Brazil
949
-17
Bubbas 4 everyone
2:35 Loom
11:25 Feudal Age
12:47 Man-at-Arms
16:25 Horse Collar
17:22 Wheelbarrow
23:15 Castle Age
21:38 Forging
22:41 Scale Mail Armor
23:47 Pikeman
26:09 Fletching
29:30 Bodkin Arrow
29:59 Ballistics
lucas_sbfaria
9:10 Feudal Age
10:09 Man-at-Arms
26:42 Castle Age
25:26 Double-Bit Axe
26:37 Fletching
26:47 Elite Skirmisher
Connection lost

Rejoining the realm…

Still unreachable

The connection could not be restored.

Session expired

The server has moved on; the page needs a fresh start.